 Dungeon Crawl Stone Soup version 0.17-a0-1614-g2062e81 (console) character file.

46 Monkaria the Ducker (level 3, -1/18 HPs)
             Began as a Felid Berserker on Aug 1, 2015.
             Was a Follower of Trog.
             Shot with a stone by a goblin (3 damage)
             ... on level 2 of the Dungeon.
             The game lasted 00:01:30 (835 turns).

Monkaria the Ducker (Felid Berserker)                Turns: 835, Time: 00:01:30

Health: -1/18      AC:  1    Str: 14    XL:     3   Next: 46%
Magic:  4/4        EV: 19    Int:  8    God:    Trog [*.....]
Gold:   31         SH:  0    Dex: 15    Spells: 0 memorised, 2 levels left
                                        Lives:  0   Deaths: 0

rFire  . . .     SeeInvis +       - Unarmed
rCold  . . .     Clarity  .     (armour unavailable)
rNeg   . . .     SustAt   .     (shield unavailable)
rPois  .         Gourm    .     (helmet unavailable)
rElec  .         Spirit   .     (cloak unavailable)
rCorr  .         Warding  .     (gloves unavailable)
rMut   .         Stasis   .     (boots unavailable)
MR     .....                    (no amulet)
Stlth  ++........               (no ring)
                                b - ring of see invisible

@: lethally poisoned (-1 -> -4), quick, not resistant to hostile enchantments,
unstealthy
A: no armour, no weapons or thrown items, claws 1, fangs 3, see invisible,
carnivore 3, speed 1, shaggy fur 1, slow metabolism 1, sharp paws
a: Burn Spellbooks, Berserk, Renounce Religion


You were on level 2 of the Dungeon.
You worshipped Trog.
Trog was aware of your devotion.
You were not hungry.

You visited 1 branch of the dungeon, and saw 2 of its levels.

You collected 31 gold pieces.

Inventory:

Jewellery
 b - a ring of see invisible (left paw)
Scrolls
 c - a scroll of immolation {unknown}
 d - a scroll of fear {unknown}
 e - a scroll of blinking {unknown}
 f - 2 scrolls of identify {unknown}
 g - a scroll of enchant weapon {unknown}
 h - a scroll of fog {unknown}
Comestibles
 a - a meat ration


   Skills:
 - Level 4.0 Fighting
 - Level 4.0 Dodging
 + Level 3.7 Unarmed Combat


You had 2 spell levels left.
You didn't know any spells.

Dungeon Overview and Level Annotations

Branches:
Dungeon (2/15)

Altars:


Innate Abilities, Weirdness & Mutations

You cannot wear armour.
You are incapable of wielding weapons or throwing items.
You have sharp claws.
You have razor-sharp teeth.
You have supernaturally acute eyesight.
You are carnivorous and can eat meat at any time.
You cover ground quickly.
You are covered in fur (AC +1).
You have a slow metabolism.
Your sharp claws are effective at attacking unaware monsters.


Message History

You closely miss the kobold.
The goblin shouts!
Your bite misses the kobold. The kobold completely misses you.
You claw the kobold!
You kill the kobold!
Trog accepts your kill.
* * * LOW HITPOINT WARNING * * *
You feel sick.
The goblin unwields an uncursed club.
The goblin wields a hunting sling.
The goblin shoots a stone.
The stone misses you.
You feel a little less mighty now.
* * * LOW HITPOINT WARNING * * *
You feel sick.
The goblin shoots a stone.
The stone barely misses you.
You see here a stone.
There is a lethal amount of poison in your body!
* * * LOW HITPOINT WARNING * * *
You feel sick.
You aren't carrying any potions.
The goblin shoots a stone.
The stone hits you.
You die...

##)##..#.....
#...†......>. .#
##.g........<
...###.........#..
..........(....#
........#((..(.# #
..............####.#..#
........##.#((#......#
#.....>...@..)..## #
.........##......#.#..
##..#..................
#..............#..#...
####.............#..# .
.....#...†....#.......
.....#..##.#..#........
...>....#....#.........
........<....##.>.#....


You could see a goblin.

Vanquished Creatures
  2 adders (D:2)
  5 bats
  3 goblins (D:1)
  2 hobgoblins (D:1)
  A kobold (D:2)
  A quokka (D:2)
  2 giant newts (D:1)
  7 jackals
  4 rats
27 creatures vanquished.

Notes
Turn   | Place    | Note
--------------------------------------------------------------
     0 | D:1      | Monkaria the Felid Berserker began the quest for the Orb.
     0 | D:1      | Reached XP level 1. HP: 10/10 MP: 2/2
   237 | D:1      | Reached XP level 2. HP: 11/14 MP: 3/3
   763 | D:2      | Reached XP level 3. HP: 9/18 MP: 4/4
   769 | D:2      | Acquired Trog's second power
   835 | D:2      | Shot with a stone by a goblin

Vault maps used:
D:1:      dpeg_arrival_ternary
D:2:      uniq_robin

Action                   || total
-------------------------++-------
Melee: Unarmed           ||    73
Invok: Trog's Hand       ||     1
  Use: Potion            ||     3
 Stab: Sleeping          ||     5
       Distracted        ||     1
